 Dungeon Crawl Stone Soup version 0.18.1-48-g4cf74bf (webtiles) character file.

228 poirepourri the Sneak (level 5, -2/25 HPs)
             Began as a Spriggan Enchanter on July 5, 2016.
             Slain by Duvessa
             ... wielding a +0 rapier
              (8 damage)
             ... on level 3 of the Dungeon.
             The game lasted 00:06:15 (2738 turns).

poirepourri the Sneak (Spriggan Enchanter)          Turns: 2738, Time: 00:06:16

Health: -2/25      AC:  4    Str:  4    XL:     5   Next: 70%
Magic:  3/13       EV: 19    Int: 17    God:
Gold:   110        SH:  2    Dex: 17    Spells: 2 memorised, 10 levels left

rFire  . . .     SeeInvis +     a - +1 dagger
rCold  . . .     Gourm    .     s - +2 robe
rNeg   . . .     Faith    .     (shield restricted)
rPois  .         Spirit   .     (helmet restricted)
rElec  .         Dismiss  .     (no cloak)
rCorr  +         Reflect  +     (gloves unavailable)
SustAt .         Harm     .     (boots unavailable)
MR     .....                    e - +2 amulet of reflection
Stlth  ++........               m - ring of loudness (curse)
                                l - ring of resist corrosion

@: very slightly contaminated, very quick, not resistant to hostile
enchantments, unstealthy
A: unfitting armour, see invisible, herbivore 3, speed 3, slow metabolism 2
a: no special abilities


You were on level 3 of the Dungeon.
You were very full.

You visited 1 branch of the dungeon, and saw 4 of its levels.

You collected 110 gold pieces.

Inventory:

Hand Weapons
 a - a +1 dagger (weapon)
 b - a +0 blowgun
 g - a +5 dagger of draining
 t - a +2 dagger of holy wrath
Missiles
 u - 7 poisoned needles
Armour
 s - a +2 robe (worn)
Jewellery
 e - a +2 amulet of reflection (around neck)
 l - a ring of resist corrosion (left hand)
 m - a cursed ring of loudness (right hand)
Wands
 k - a wand of slowing (21/48)
Scrolls
 o - 2 scrolls of remove curse
Potions
 d - a potion of ambrosia
 h - 5 potions of curing
 i - a potion of cure mutation
 j - a potion of haste
 p - a potion of brilliance {unknown}
 r - a potion of mutation {unknown}
Books
 c - a book of Maledictions

   Spells                             Type                      Level
   a - Corona                         Hexes                        1
   b - Ensorcelled Hibernation        Hexes/Ice                    2
   c - Confuse                        Hexes                        3
   d - Tukima's Dance                 Hexes                        3
   e - Dazzling Spray                 Conjuration/Hexes            3
Comestibles
 f - a slice of pizza
 q - a bread ration
 v - a royal jelly


   Skills:
 + Level 0.4 Fighting
 + Level 1.8 Short Blades
 + Level 4.3 Dodging
 + Level 5.4 Stealth
 + Level 4.7 Spellcasting
 + Level 5.1 Hexes
 + Level 0.1 Ice Magic


You had 10 spell levels left.
You knew the following spells:

 Your Spells              Type           Power        Failure   Level  Hunger
a - Corona                Hex            ###....      1%          1    None
b - Ensorcelled Hibernat  Hex/Ice        ##....       10%         2    #......


Dungeon Overview and Level Annotations

Branches:
Dungeon (4/15)
 Temple: D:4-7

Altars:
Kikubaaqudgha
Qazlal

Annotations:
D:3 Dowan, Duvessa


Innate Abilities, Weirdness & Mutations

You are tiny and cannot use many weapons and most armour.
You have supernaturally acute eyesight.
You are a herbivore.
You cover ground extremely quickly.
You need consume almost no food.


Message History

Duvessa is almost dead.
Duvessa barely misses you.
You hit Duvessa but do no damage.
Duvessa is almost dead.
Dowan points at Duvessa and mumbles some strange words.
Duvessa seems to speed up.
Casting: Ensorcelled Hibernation
Confirm with . or Enter, or press ? or * to list all spells.
Aiming: Ensorcelled Hibernation
Press: ? - help, Shift-Dir - straight line, f/p - Dowan
Aim: Dowan, wielding a dagger of speed and wearing a robe (chance to defeat MR: 44%)
You miscast Ensorcelled Hibernation.
You are very lightly contaminated with residual magic.
Frost spreads across the the floor.
Duvessa hits you with a rapier.
* * * LOW HITPOINT WARNING * * *
Duvessa barely misses you.
You closely miss Duvessa.
Duvessa is almost dead.
Duvessa hits you with a rapier!
You die...

....#.................#'####.....
....#.#.#......................#+
รท...#.#..........................
....#.#..........................
....#.#......##.......#.#........
###.#.#......##.......#.#......#.
..#.#.#......#######..#.#......##
#.#..........########.#.########
....#.#.#.......@ee.....#
#..##.################..#
.......................>#
#..##.################### ...##.#
....#.# #####.# #.# #####.#


You could see Duvessa and Dowan.

Vanquished Creatures
  An ogre (D:3)
  Jessica (D:2)
  2 orc wizards (D:3)
  2 adders (D:3)
  An ooze (D:3)
  6 orcs (D:3)
  3 bats
  3 giant cockroaches
  7 goblins
  A hobgoblin (D:2)
  3 jackals (D:4)
  A quokka (D:4)
  A giant newt (D:1)
  4 kobolds
  2 rats
38 creatures vanquished.

Notes
Turn   | Place    | Note
--------------------------------------------------------------
     0 | D:1      | poirepourri the Spriggan Enchanter began the quest for the Orb.
     0 | D:1      | Reached XP level 1. HP: 9/9 MP: 5/5
   596 | D:1      | Reached XP level 2. HP: 13/13 MP: 5/7
   831 | D:2      | Learned a level 2 spell: Ensorcelled Hibernation
   884 | D:2      | Found an ancient bone altar of Kikubaaqudgha.
   909 | D:2      | Found a stormy altar of Qazlal.
  1005 | D:2      | Noticed Jessica
  1088 | D:2      | Killed Jessica
  1088 | D:2      | Reached XP level 3. HP: 8/16 MP: 6/8
  1882 | D:3      | Reached XP level 4. HP: 20/21 MP: 8/11
  1885 | D:3      | Reached skill level 5 in Stealth
  2217 | D:4      | Noticed an ogre
  2353 | D:3      | Killed an ogre
  2353 | D:3      | Reached skill level 5 in Hexes
  2353 | D:3      | Reached XP level 5. HP: 24/24 MP: 8/12
  2468 | D:4      | Noticed Dowan
  2545 | D:4      | Noticed Duvessa
  2738 | D:3      | Slain by Duvessa

Skill      XL: |  1  2  3  4 |
---------------+-------------+-----
Spellcasting   | 3 4 |  4.7
Hexes          | 4 5 |  5.1
Stealth        | 5 |  5.4
Dodging        | 4 |  4.3
Fighting       | |  0.4
Short Blades   | |  1.8
Ice Magic      | |  0.1

Action                   |  1- 3 |  4- 6 || total
-------------------------+-------+-------++-------
Melee: Dagger            |    53 |    58 ||   111
 Fire: Blowgun           |       |    20 ||    20
 Cast: Corona            |    19 |     7 ||    26
       Ensorcelled Hiber |     2 |    13 ||    15
  Use: Scroll            |    11 |     2 ||    13
 Stab: Sleeping          |     3 |     3 ||     6
  Eat: Bread ration      |     1 |       ||     1
Armor: Robe              |     8 |    18 ||    26
Dodge: Dodged            |    36 |    59 ||    95
Block: Other             |     2 |     3 ||     5
